Map: 黄金之柱-天梯版

Players

TIME (Oliveira)

  • Race: Terran Terran

iGXY (XY) - Winner!

  • Race: Terran Terran

Event: DreamHack SC2 Masters 2020 Winter

VOD

Have the link to the VOD?

Description

Time

  • Played on: Oct. 31, 2020, 9:23 a.m.
  • Length: 25:13

All games in this series

Show
View Real Time Build Order
Export as new Build Order

TIME Terran 

Build Orders:  

Get SALT Encoding   

  12  0:00  SCV  
  13  0:12  SCV  
  14  0:19  Supply Depot  
  14  0:24  SCV  
  15  0:41  SCV  
  16  0:43  Barracks  
  16  0:47  Refinery  
  16  0:53  SCV  
  16  0:56  Refinery  
  17  1:05  SCV  
  18  1:17  SCV  
  19  1:31  Reaper, Orbital Command  
  20  1:33  Supply Depot  
  20  1:46  Factory  
  20  1:57  SCV  
  21  2:03  Reaper  
  22  2:09  SCV  
  23  2:22  SCV  
  24  2:27  Command Center  
  24  2:32  Hellion  
  24  2:35  SCV  
  24  2:37  Barracks Reactor  
  27  2:43  Supply Depot  
  27  2:47  SCV  
  28  2:53  Starport  
  28  2:57  Widow Mine  
  30  3:01  SCV  
  31  3:13  SCV  
  31  3:14  Marine x2  
  31  3:19  Factory Tech Lab  
  34  3:20  Refinery  
  34  3:25  SCV  
  35  3:32  Marine x2  
  37  3:38  SCV  
  37  3:39  Raven  
  40  3:43  Orbital Command, Factory Tech Lab  
  40  3:50  SCV  
  40  3:52  Marine x2  
  43  4:02  Cyclone  
  46  4:03  SCV  
  46  4:08  SCV  
  48  4:10  Supply Depot  
  48  4:12  Marine x2  
  50  4:29  Raven  
  50  4:30  Marine x2  
  52  4:32  SCV  
  52  4:34  Siege Tank  
  56  4:43  SCV  
  56  4:45  SCV  
  52  4:48  Marine  
  54  4:56  Marine  
  54  5:00  Supply Depot  
  54  5:05  SCV  
  54  5:11  SCV  
  54  5:14  Marine  
  54  5:15  Raven  
  54  5:17  Command Center  
  54  5:21  SCV, Siege Tank  
  54  5:23  SCV, Supply Depot  
  59  5:33  SCV  
  59  5:34  Barracks Reactor  
  59  5:35  SCV  
  58  5:43  Refinery  
  58  5:45  SCV, Barracks  
  58  5:47  SCV  
  58  5:49  Barracks  
  60  5:55  Siege Tank  
  63  5:57  SCV  
  63  5:59  SCV  
  65  6:06  Supply Depot  
  65  6:10  SCV  
  66  6:12  SCV  
  66  6:14  Viking  
  69  6:22  SCV  
  69  6:25  Supply Depot  
  70  6:27  Viking, SCV, Stimpack  
  70  6:32  Orbital Command  
  73  6:35  Siege Tank  
  73  6:37  SCV  
  73  6:39  SCV  
  78  6:40  Barracks Reactor  
  78  6:48  Barracks Reactor, Supply Depot, Viking  
  78  6:50  SCV  
  78  6:51  SCV  
  82  6:54  Orbital Command, Marine  
  82  7:02  SCV  
  82  7:04  SCV  
  82  7:05  Viking  
  86  7:10  Engineering Bay, Siege Tank  
  86  7:11  Engineering Bay  
  90  7:15  SCV  
  90  7:16  Supply Depot  
  90  7:17  Marine x2  
  90  7:21  Viking  
  94  7:24  SCV  
  94  7:25  SCV  
  94  7:26  Marine  
  97  7:31  SCV  
  97  7:32  Marine x2  
  97  7:36  SCV  
  100  7:38  Supply Depot  
  100  7:39  Supply Depot  
  100  7:40  Terran Infantry Weapons Level 1  
  100  7:42  SCV  
  101  7:45  Terran Infantry Armor Level 1  
  101  7:46  Marine x2  
  101  7:49  Marine  
  101  7:51  SCV  
  105  7:53  Marine x2  
  105  7:55  Siege Tank  
  107  8:04  Marine  
  104  8:08  Marine x2  
  104  8:10  Viking  
  104  8:11  Marine x2  
  98  8:13  SCV  
  98  8:15  SCV x2  
  98  8:16  Combat Shield  
  100  8:22  Marine  
  94  8:32  Marine  
  84  8:36  Marine  
  84  8:37  Marine  
  84  8:40  Marine  
  75  8:43  SCV  
  75  8:44  Marine, Siege Tank  
  75  8:46  SCV  
  75  8:47  Viking x2  
  77  8:50  Marine  
  77  8:54  Marine  
  77  8:55  SCV, Marine  
  81  8:59  SCV  
  81  9:05  Marine  
  81  9:07  SCV  
  81  9:09  Marine  
  83  9:10  Marine  
  83  9:11  Barracks  
  83  9:12  Marine, Barracks  
  83  9:13  SCV x2  
  88  9:17  Armory  
  88  9:19  SCV  
  88  9:20  Refinery, Marine  
  88  9:23  Refinery  
  90  9:26  Siege Tank  
  90  9:28  Marine x3  
  96  9:32  SCV  
  96  9:33  SCV  
  96  9:34  SCV  
  96  9:35  Marine  
  96  9:36  Viking  
  96  9:38  Marine  
  103  9:39  Viking  
  105  9:47  Marine x2  
  105  9:48  SCV  
  105  9:50  Marine  
  109  9:57  Marine  
  109  9:59  SCV, Command Center  
  111  10:00  Marine  
  111  10:01  Barracks Reactor  
  111  10:04  Siege Tank  
  115  10:07  Marine x2, Sensor Tower  
  115  10:11  Barracks Reactor  
  115  10:12  SCV, Marine  
  115  10:15  Marine  
  115  10:16  Medivac x2  
  115  10:18  Marine  
  115  10:20  SCV  
  115  10:21  SCV  
  122  10:25  Marine x2  
  123  10:29  Marine, Terran Infantry Weapons Level 2  
  123  10:32  SCV x2  
  123  10:33  Marine  
  127  10:36  Marine  
  127  10:38  Marine x2  
  127  10:39  Siege Tank  
  127  10:40  Supply Depot  
  133  10:43  Supply Depot, Marine x2  
  133  10:49  Supply Depot, Missile Turret, Marine x2  
  138  10:51  Marine  
  138  10:53  Medivac  
  138  10:55  Marine  
  141  10:58  Marine  
  141  11:01  Medivac, Marine  
  141  11:02  Terran Infantry Armor Level 2  
  144  11:05  Terran Vehicle Weapons Level 1  
  144  11:06  Supply Depot  
  144  11:11  Marine x3  
  144  11:12  Marine  
  144  11:14  SCV x2  
  144  11:16  Missile Turret  
  144  11:18  Siege Tank  
  153  11:19  Marine  
  146  11:28  Marine  
  146  11:29  Marine x2  
  146  11:32  Marine  
  121  11:33  Marine x2  
  121  11:34  Marine  
  121  11:35  Viking  
  121  11:36  Viking  
  121  11:37  Planetary Fortress  
  121  11:38  Marine  
  124  11:49  Marine  
  124  11:52  Siege Tank  
  127  11:54  Marine x2  
  127  11:56  Factory, Marine  
  127  11:57  SCV x2  
  127  11:58  Marine x2  
  133  12:02  SCV, Barracks Reactor, Marine x2  
  133  12:07  Marine  
  133  12:08  Missile Turret  
  137  12:09  SCV x2  
  137  12:11  Refinery  
  137  12:12  Viking, Refinery, Marine x2  
  137  12:13  Viking, Supply Depot  
  137  12:14  Marine  
  146  12:16  SCV, Marine x2  
  146  12:17  SCV  
  146  12:22  Marine x2  
  150  12:23  Sensor Tower  
  152  12:30  Command Center  
  152  12:31  Marine x3  
  152  12:34  Marine, Siege Tank  
  159  12:39  Marine  
  159  12:44  Marine x3  
  160  12:47  Marine  
  160  12:49  Marine x2  
  160  12:50  Terran Infantry Weapons Level 3  
  164  12:51  Marine  
  164  12:52  Marine x2, Siege Tank  
  164  12:57  Marine  
  171  13:02  Marine  
  171  13:04  SCV  
  173  13:05  Command Center  
  173  13:06  Marine x2  
  173  13:10  Terran Vehicle Weapons Level 2, Marine  
  176  13:19  Marine x2  
  177  13:20  Marine  
  177  13:22  Marine x2  
  179  13:29  Marine x3  
  179  13:30  Siege Tank  
  179  13:31  Marine, Siege Tank  
  179  13:32  Marine  
  179  13:33  Medivac  
  179  13:34  Medivac  
  182  13:37  Marine  
  182  13:40  Terran Infantry Armor Level 3  
  182  13:41  Marine x3  
  184  13:43  Marine  
  184  13:47  Marine x2  
  189  13:50  Marine x2  
  191  13:56  Marine x2  
  191  13:57  Starport  
  191  13:58  Starport  
  191  14:02  Marine  
  194  14:03  Marine x2  
  194  14:04  Marine x2  
  187  14:28  Marine  
  127  14:32  Marine x9  
  127  14:33  Siege Tank  
  127  14:34  Viking x2, Siege Tank  
  127  14:35  Starport Tech Lab  
  127  14:36  Starport Tech Lab  
  127  14:38  Planetary Fortress  
  145  14:39  Orbital Command  
  145  14:46  Marine  
  145  14:50  Marine x4  
  145  14:51  Marine  
  145  14:52  Marine x3  
  154  14:53  Marine  
  154  14:57  Missile Turret x2  
  155  15:01  SCV, Raven x2, Corvid Reactor  
  155  15:04  Marine  
  161  15:08  Marine  
  161  15:10  Marine x3  
  161  15:11  Viking x2  
  161  15:13  Marine  
  168  15:18  Missile Turret  
  168  15:21  Marine  
  168  15:23  Marine  
  168  15:24  Marine  
  168  15:27  Marine  
  172  15:29  Marine  
  172  15:30  Marine x3  
  172  15:31  Siege Tank  
  172  15:33  SCV x2  
  172  15:34  SCV  
  182  15:36  Marine x2  
  182  15:39  Siege Tank  
  182  15:40  Marine  
  188  15:44  Marine  
  188  15:45  Raven x2, Marine x2  
  188  15:49  Marine  
  195  15:53  Marine  
  195  15:54  Marine x2  
  195  15:56  Marine x2  
  197  16:12  Marine  
  198  16:21  Marine  
  198  16:22  SCV  
  182  16:30  Marine x4  
  182  16:32  Marine  
  136  16:33  Marine x2  
  136  16:34  Raven x2, Marine x2  
  136  16:36  Siege Tank x2  
  136  16:37  Viking  
  136  16:38  Viking, SCV x2  
  136  16:39  Marine  
  149  16:41  SCV, Refinery, Starport  
  149  16:42  Refinery  
  149  16:43  Starport  
  144  16:47  Marine x2  
  144  16:49  Marine x2  
  144  16:50  Marine  
  144  16:51  Marine x2  
  144  16:54  Marine x2  
  145  16:56  Marine  
  145  16:59  Command Center  
  148  17:05  Marine x2  
  148  17:07  Marine x2  
  148  17:08  Marine  
  150  17:09  Marine x2  
  150  17:12  Marine x2  
  150  17:13  Siege Tank  
  150  17:14  Marine  
  155  17:21  Raven, Command Center  
  156  17:22  SCV  
  156  17:23  SCV, Marine x2  
  156  17:24  Marine  
  156  17:25  Marine  
  156  17:26  Marine  
  156  17:27  Marine x2  
  158  17:37  Marine x2  
  158  17:38  Marine  
  158  17:39  Raven  
  158  17:42  Starport Tech Lab x2  
  157  17:46  Viking x2  
  157  17:47  Marine  
  157  17:48  Marine x2  
  157  17:49  Marine  
  157  17:51  Marine x2  
  155  18:01  Marine  
  155  18:02  Marine  
  155  18:03  Raven, Marine x2  
  155  18:04  Raven  
  155  18:05  Marine  
  139  18:06  SCV  
  139  18:12  Raven, Marine  
  143  18:14  Marine  
  143  18:15  Marine  
  143  18:17  Marine  
  146  18:26  Marine  
  141  18:30  Marine x4  
  141  18:31  Raven  
  141  18:32  Marine  
  141  18:33  Marine x2  
  151  18:35  SCV  
  151  18:39  SCV  
  151  18:45  Marine x3  
  151  18:48  Raven x2  
  156  18:49  SCV  
  156  18:50  Marine x3  
  156  18:52  Marine x2  
  156  18:54  Viking  
  161  18:58  Marine x2  
  161  19:01  Medivac  
  165  19:03  Terran Vehicle And Ship Armor Level 1, Marine x2  
  165  19:06  Marine  
  165  19:07  Marine  
  168  19:16  Marine x2  
  168  19:17  Marine x2  
  140  19:19  Marine x2  
  140  19:20  Marine  
  140  19:21  Marine  
  140  19:24  Marine  
  131  19:25  Marine  
  131  19:30  SCV  
  132  19:34  Marine x3  
  132  19:35  Marine  
  132  19:36  Marine x2  
  134  19:39  Marine  
  134  19:41  Raven x3  
  134  19:44  Planetary Fortress  
  141  19:47  SCV  
  141  19:52  Marine x2  
  132  19:53  Raven  
  132  19:54  Marine  
  132  19:55  Marine  
  132  19:57  SCV  
  131  20:00  Marine  
  131  20:03  Marine  
  131  20:06  Marine x3  
  130  20:08  Medivac  
  129  20:17  Marine x2  
  129  20:20  Marine, Siege Tank  
  131  20:22  SCV  
  131  20:23  SCV  
  131  20:24  Raven, Marine  
  131  20:25  Marine  
  131  20:28  Marine  
  138  20:30  Raven  
  138  20:33  Marine  
  138  20:35  Marine x2  
  142  20:39  SCV  
  142  20:42  Marine x3  
  145  20:45  Raven  
  145  20:49  SCV  
  149  20:51  Marine  
  149  20:53  Marine  
  151  20:57  Raven  
  151  21:00  Marine  
  146  21:09  Marine x2  
  119  21:11  Marine x2  
  119  21:12  Marine x2  
  119  21:14  Marine x2  
  119  21:16  Orbital Command  
  120  21:18  Marine x2  
  122  21:27  Marine x2  
  122  21:29  Marine x2  
  122  21:31  Raven  
  128  21:33  Marine  
  128  21:34  Marine  
  128  21:37  Marine x2  
  128  21:39  Marine  
  132  21:44  Marine  
  132  21:45  Marine x2  
  136  21:47  Raven  
  136  21:48  Marine  
  136  21:50  Marine  
  136  21:51  Marine  
  136  21:53  Raven  
  143  21:58  Marine x2  
  143  21:59  Marine x2  
  147  22:01  Marine  
  147  22:02  Siege Tank  
  147  22:04  Marine  
  147  22:05  Marine  
  147  22:06  Medivac  
  155  22:13  Marine x2  
  157  22:16  Orbital Command  
  133  22:28  Marine  
  133  22:29  Marine x2  
  124  22:31  Marine x2  
  124  22:32  Marine x3  
  124  22:33  Raven x2  
  124  22:34  Marine x2  
  117  22:37  Raven x2  
  117  22:42  SCV  
  117  22:43  SCV x2  
  109  22:45  SCV  
  109  22:46  Marine  
  109  22:47  Medivac x2, Marine x2  
  109  22:48  SCV  
  109  22:49  Marine x2  
  109  22:50  Marine  
  116  22:51  Marine  
  116  22:55  SCV x2  
  119  23:02  Marine  
  119  23:04  Marine  
  99  23:06  Marine x2  
  99  23:07  SCV x3  
  99  23:11  Marine  
  99  23:12  Marine x2  
  91  23:14  Marine  
  91  23:15  Marine  
  91  23:18  SCV  
  91  23:20  SCV  
  91  23:21  SCV  
  91  23:23  SCV, Marine  
  91  23:24  SCV  
  96  23:28  Marine x2  
  96  23:31  SCV, Marine  
  96  23:32  Marine  
  101  23:34  SCV  
  101  23:36  SCV, Marine  
  101  23:38  SCV x2  
  101  23:40  Marine  
  101  23:41  Marine  
  106  23:42  Reaper  
  106  23:43  Marine  
  106  23:44  Raven  
  106  23:47  Marine x2  
  113  23:49  SCV x2  
  111  23:58  Marine x2  
  111  23:59  Raven, Marine x2  
  111  24:01  Marine x2  
  120  24:03  SCV x2  
  120  24:04  SCV  
  120  24:05  Marine  
  120  24:08  Marine x2  
  122  24:11  Raven  
  122  24:14  Marine  
  125  24:17  Raven  
  125  24:18  SCV  
  125  24:23  Siege Tank  
  131  24:30  Marine  
  126  24:37  Marine  
  126  24:38  Marine x2  
Show
View Real Time Build Order
Export as new Build Order

iGXY Terran - Winner!

Build Orders:  

Get SALT Encoding   

  12  0:00  SCV  
  13  0:12  SCV  
  14  0:17  Supply Depot  
  14  0:24  SCV  
  15  0:39  SCV, Barracks  
  16  0:44  Refinery  
  16  0:51  SCV  
  16  0:55  Refinery  
  17  1:03  SCV  
  18  1:15  SCV  
  19  1:27  Reaper, Orbital Command  
  19  1:31  Supply Depot  
  20  1:44  Factory  
  20  1:53  SCV  
  21  2:01  Reaper  
  22  2:05  SCV  
  23  2:17  SCV  
  24  2:25  Command Center  
  24  2:29  SCV  
  25  2:33  Hellion  
  25  2:36  Barracks Reactor  
  27  2:41  SCV  
  28  2:47  Starport  
  28  2:52  Supply Depot  
  28  2:54  SCV  
  28  2:57  Factory Tech Lab  
  29  3:06  SCV  
  30  3:14  Marine x2  
  30  3:16  Siege Tank  
  30  3:19  SCV  
  36  3:26  Medivac  
  38  3:31  SCV  
  39  3:36  Orbital Command  
  39  3:38  Marine x2  
  41  3:43  SCV  
  41  3:45  Refinery  
  42  3:52  Cyclone  
  42  3:55  SCV  
  46  3:56  Starport Tech Lab  
  46  4:01  Marine x2  
  48  4:04  SCV  
  49  4:11  SCV, Supply Depot  
  49  4:16  SCV  
  51  4:27  Marine x2  
  51  4:30  SCV  
  54  4:33  SCV, Supply Depot, Siege Tank  
  58  4:44  Marine  
  58  4:45  SCV, Marine  
  60  4:46  Raven  
  62  4:55  SCV  
  63  5:00  Supply Depot  
  63  5:02  Marine x2  
  65  5:08  Siege Tank  
  65  5:09  SCV  
  65  5:10  SCV  
  65  5:12  Command Center  
  70  5:21  SCV, Marine x2  
  69  5:33  SCV  
  69  5:34  SCV  
  63  5:39  Refinery, Marine  
  63  5:40  Siege Tank  
  69  5:43  Marine  
  69  5:45  SCV  
  69  5:46  SCV, Supply Depot  
  72  5:56  Supply Depot  
  72  5:57  SCV, Marine  
  72  5:58  SCV  
  72  6:01  Marine  
  76  6:08  Supply Depot  
  76  6:09  SCV  
  76  6:10  SCV  
  78  6:12  Siege Tank  
  79  6:20  Barracks  
  79  6:21  SCV  
  79  6:23  SCV  
  79  6:25  Viking x2  
  85  6:26  Engineering Bay  
  85  6:29  Stimpack, Marine  
  85  6:31  Barracks  
  86  6:33  Orbital Command  
  86  6:37  SCV  
  86  6:39  SCV  
  88  6:45  Siege Tank  
  91  6:49  SCV  
  91  6:51  SCV  
  91  6:52  Marine  
  94  6:55  Liberator x2  
  94  7:00  Terran Infantry Weapons Level 1  
  94  7:01  SCV  
  101  7:03  SCV x2  
  101  7:06  Engineering Bay  
  103  7:10  Barracks Reactor  
  103  7:11  Barracks  
  103  7:13  SCV  
  103  7:15  SCV x2  
  106  7:18  Barracks Reactor  
  106  7:21  Barracks  
  106  7:22  Siege Tank  
  108  7:25  SCV  
  108  7:27  SCV x2, Supply Depot x2  
  111  7:30  Marine  
  112  7:37  SCV, Supply Depot  
  112  7:39  Viking x2  
  117  7:44  SCV  
  117  7:48  Marine  
  117  7:50  SCV, Supply Depot x2  
  118  7:54  Siege Tank  
  119  7:59  SCV  
  115  8:08  Marine x3  
  115  8:09  SCV x2  
  115  8:10  Viking x2  
  115  8:12  Marine x3  
  102  8:21  Combat Shield  
  102  8:26  Marine x3, Siege Tank  
  106  8:30  Marine x3  
  106  8:31  SCV x2  
  102  8:35  SCV  
  91  8:43  SCV x2  
  91  8:44  Marine x3  
  91  8:47  SCV  
  91  8:48  Marine x2  
  93  8:50  Barracks Reactor, Terran Infantry Armor Level 1  
  93  8:52  Medivac x2  
  94  8:55  SCV  
  94  8:56  SCV  
  94  8:58  Sensor Tower  
  94  8:59  Barracks Reactor  
  94  9:01  Marine  
  94  9:02  Marine x2  
  98  9:03  Siege Tank  
  98  9:04  SCV  
  98  9:05  Marine  
  98  9:08  SCV x2, Marine  
  106  9:17  SCV, Refinery  
  107  9:19  Marine x2  
  107  9:20  SCV, Refinery  
  107  9:22  Viking x2  
  114  9:32  Supply Depot, Marine x3  
  114  9:34  Marine  
  114  9:35  Siege Tank  
  114  9:37  Marine  
  122  9:39  Armory  
  122  9:41  Marine x2  
  124  9:52  Marine x6  
  125  9:53  Command Center  
  125  9:57  Viking x2  
  134  10:03  SCV x3, Marine  
  134  10:04  Marine  
  138  10:09  Marine, Siege Tank  
  138  10:10  Marine  
  138  10:12  Marine x2  
  138  10:14  Marine  
  142  10:18  Marine x2  
  145  10:26  Marine  
  145  10:28  Marine x3  
  146  10:30  Missile Turret, Marine  
  146  10:32  Missile Turret  
  146  10:33  Terran Infantry Weapons Level 2  
  146  10:35  Terran Vehicle Weapons Level 1  
  150  10:40  Medivac x2  
  150  10:41  Siege Tank  
  157  10:45  Marine x2  
  157  10:46  Marine x2  
  157  10:47  Terran Infantry Armor Level 2  
  157  10:49  Marine  
  163  10:56  Factory  
  162  11:00  Barracks Reactor, Marine x2  
  164  11:05  Marine x2  
  166  11:13  Marine x2, Siege Tank  
  166  11:17  Marine  
  164  11:27  Marine x3  
  164  11:28  Marine x2  
  164  11:31  Marine x2  
  129  11:34  Marine  
  129  11:36  Planetary Fortress  
  129  11:37  Marine x2  
  118  11:41  Siege Tank  
  118  11:45  Marine x3, Siege Tank  
  118  11:46  Marine x2  
  129  11:49  Marine x2  
  129  11:52  Marine  
  132  11:55  Marine x2  
  132  11:58  Viking  
  132  11:59  Viking  
  132  12:00  Starport x2  
  135  12:03  Marine x3  
  135  12:04  Marine x2  
  135  12:06  Marine  
  135  12:07  Marine  
  142  12:10  Marine  
  142  12:12  Barracks  
  142  12:13  Marine x2, Barracks, Siege Tank  
  142  12:15  SCV x3  
  151  12:16  SCV  
  151  12:19  Siege Tank  
  151  12:21  Marine x3  
  151  12:22  Marine  
  159  12:27  SCV  
  159  12:28  Marine x3  
  164  12:30  Terran Vehicle Weapons Level 2  
  164  12:31  Supply Depot  
  164  12:32  Supply Depot  
  164  12:35  Viking x2  
  167  12:37  Starport Reactor  
  167  12:38  Starport Reactor  
  167  12:46  Marine  
  167  12:47  Marine x2  
  167  12:48  Marine  
  167  12:50  Marine x2  
  171  12:51  Terran Infantry Weapons Level 3  
  171  13:01  Command Center  
  166  13:08  Viking x2  
  170  13:15  Marine, Siege Tank  
  170  13:17  Viking, Marine  
  170  13:18  Viking  
  170  13:19  Viking  
  181  13:26  Marine  
  181  13:27  Marine x2  
  176  13:29  Marine x3  
  179  13:38  Viking  
  179  13:39  Viking  
  183  13:44  Terran Infantry Armor Level 3  
  183  13:46  Marine x2  
  183  13:49  Viking  
  183  13:51  Refinery  
  183  13:55  Viking  
  187  14:02  Refinery  
  187  14:10  Liberator  
  187  14:11  Viking  
  149  14:31  Liberator  
  149  14:32  Viking  
  149  14:33  Marine x2, Siege Tank  
  149  14:38  Liberator  
  162  14:44  Marine x3  
  162  14:45  Marine x7  
  172  14:51  Marine x2  
  172  14:52  Liberator  
  172  14:58  Siege Tank  
  175  15:02  Marine x7  
  175  15:06  Marine x2  
  184  15:13  Terran Vehicle And Ship Armor Level 1, Marine  
  184  15:14  Marine, Fusion Core  
  184  15:15  Marine  
  184  15:16  Siege Tank  
  184  15:21  Marine x2  
  190  15:24  Planetary Fortress  
  191  15:29  Sensor Tower  
  191  15:38  Siege Tank  
  191  15:51  Command Center  
  191  15:52  Marine x2  
  191  15:56  Marine  
  191  15:57  Marine  
  194  16:04  Marine  
  195  16:05  Missile Turret, Marine x2  
  195  16:07  Sensor Tower  
  195  16:09  Missile Turret  
  195  16:10  Marine x2  
  199  16:22  Siege Tank  
  199  16:24  Marine x2  
  151  16:36  Siege Tank  
  151  16:38  Marine x10  
  147  16:42  Marine x2  
  146  16:51  Liberator x3  
  146  16:54  Siege Tank  
  154  16:56  Marine x10  
  154  17:00  Marine x2  
  163  17:13  Marine  
  163  17:14  Marine x9, Siege Tank  
  176  17:17  Marine x2  
  178  17:22  Terran Vehicle And Ship Armor Level 2  
  178  17:31  Marine x3  
  178  17:32  Marine x7  
  178  17:35  Marine x2  
  187  17:40  Liberator  
  189  17:46  Siege Tank  
  189  17:49  Marine x8  
  186  17:59  Marine x2  
  186  18:00  Marine  
  186  18:03  Siege Tank  
  144  18:06  Liberator  
  144  18:07  Marine x6  
  144  18:09  Liberator  
  144  18:11  Planetary Fortress  
  155  18:13  Marine x2  
  155  18:14  Marine  
  158  18:27  Viking x2  
  158  18:28  Marine x2  
  158  18:31  Marine x3, Siege Tank  
  158  18:32  Marine  
  165  18:41  Viking x2  
  166  18:44  Marine  
  166  18:45  Marine  
  166  18:46  Marine x3  
  169  18:48  Advanced Ballistics  
  169  18:51  Marine  
  170  19:00  Viking x2  
  170  19:01  Viking  
  174  19:04  Marine x2  
  172  19:14  Marine x6  
  172  19:16  Marine x3  
  157  19:17  Marine  
  157  19:22  Marine x2  
  132  19:25  SCV x2  
  132  19:26  SCV  
  132  19:29  Siege Tank  
  135  19:31  Marine  
  135  19:32  Marine x5  
  135  19:34  Marine  
  135  19:36  Marine, Liberator  
  139  19:39  Marine  
  139  19:41  Siege Tank  
  140  19:45  Marine x2  
  138  19:53  Marine x2  
  138  19:54  Marine x4  
  138  19:58  Marine  
  134  20:02  Siege Tank  
  134  20:03  Marine  
  134  20:04  Marine x2  
  140  20:07  Medivac  
  140  20:08  Marine  
  140  20:14  Siege Tank  
  141  20:17  Marine x2  
  141  20:18  Marine  
  141  20:19  Marine x2  
  136  20:22  Marine x4  
  136  20:23  Marine  
  136  20:26  Refinery  
  136  20:27  Marine  
  136  20:28  Marine  
  142  20:32  Refinery  
  142  20:34  Siege Tank  
  142  20:35  Marine x2  
  145  20:36  Marine  
  145  20:37  Marine x2  
  145  20:40  Marine  
  145  20:41  Marine x2  
  153  20:44  Marine  
  153  20:46  Marine, Siege Tank  
  160  20:52  Viking  
  160  20:53  Marine  
  160  20:54  Viking  
  163  20:57  Marine  
  152  21:04  Marine  
  152  21:05  Marine x2  
  152  21:06  Marine x2  
  152  21:07  Marine  
  152  21:10  Marine x2  
  128  21:13  Marine  
  128  21:16  Siege Tank  
  128  21:17  Viking x3  
  137  21:19  Marine  
  137  21:24  Marine  
  140  21:27  Marine x2  
  140  21:29  Marine x3  
  140  21:31  Viking, Medivac  
  148  21:33  Marine  
  148  21:36  Marine x3  
  148  21:39  Marine  
  153  21:44  Marine  
  153  21:45  Marine x2  
  153  21:46  Siege Tank  
  160  21:48  Liberator  
  160  21:52  Marine x2  
  164  21:58  Marine x3  
  164  22:00  Siege Tank  
  170  22:04  Marine x4  
  174  22:10  Orbital Command, Marine x5  
  163  22:25  Marine x2  
  163  22:26  Marine x2, Siege Tank  
  150  22:30  Marine x2  
  150  22:32  Marine x4, Siege Tank  
  150  22:36  Marine x2  
  140  22:43  Marine x3  
  140  22:44  Marine  
  140  22:48  Marine x2  
  140  22:49  Marine x2  
  140  22:50  Marine x2  
  136  22:53  Marine  
  136  22:54  Marine  
  138  23:01  Marine x4  
  128  23:06  Marine x2  
  128  23:07  Marine x3  
  128  23:08  Marine  
  128  23:11  Marine x2, Siege Tank  
  127  23:18  Marine x2  
  127  23:19  Marine x2, Siege Tank  
  130  23:24  Marine x2  
  130  23:25  Marine x4  
  130  23:26  Liberator  
  134  23:28  Liberator  
  137  23:36  Marine x2  
  137  23:37  Liberator  
  137  23:38  Viking  
  137  23:39  Marine x3  
  147  23:43  Siege Tank  
  147  23:46  Viking x2  
  147  23:47  Marine x3  
  157  23:51  Siege Tank  
  157  23:52  Marine  
  157  23:53  Marine x3  
  164  23:58  Marine x5  
  169  24:05  Marine x3  
  169  24:08  Viking  
  174  24:10  Viking, Marine x2  
  174  24:11  Viking  
  174  24:15  Siege Tank  
  183  24:17  Marine x4  
  183  24:18  Viking  
  183  24:19  Marine  
  183  24:21  Marine x2  
  183  24:22  Refinery x2, Marine  
  183  24:23  Marine x2  
  185  24:35  Marine x4  
  185  24:38  Marine x3  
  159  24:39  Marine x2  
  159  24:40  Siege Tank  
Tags
 
Add a new tag
Caveats
  • Supply blocks, unpowered buildings, or Contaminate may cause inaccurate times.
  • Supply counts are checked every 10 seconds.